 Dungeon Crawl Stone Soup version 0.31.0-32-g396128a36d (webtiles) character file.

Game seed: 3051765557674768551

2032 runthedishwasher the Destroyer (level 9, -10/58 HPs)
             Began as an Octopode Conjurer on Apr 11, 2024.
             Was a Follower of Sif Muna.
             Mangled by a steam dragon (11 damage)
             ... on level 7 of the Dungeon on Apr 13, 2024.
             The game lasted 00:35:16 (7964 turns).

runthedishwasher the Destroyer (Octopode Conjurer)  Turns: 7964, Time: 00:35:16

Health: -10/58     AC:  1    Str:  6    XL:     9   Next: 24%
Magic:  13/17      EV: 10    Int: 25    God:    Sif Muna [*.....]
Gold:   400        SH:  7    Dex: 10    Spells: 16/19 levels left

rFire   . . .        l - +4 dagger (venom)
rCold   . . .        v - +0 kite shield
rNeg    + . .        (helmet restricted)
rPois   +            (no amulet)
rElec   .            h - ring of positive energy
rCorr   .            p - ring of flight
SInv    .            q - ring of poison resistance
Will    .....        (no ring)
Stlth   +++          (no ring)
HPRegen 0.29/turn    (no ring)
MPRegen 0.15/turn    (no ring)
                     (no ring)

%: no passive effects
@: flying
A: almost no armour, amphibious, 8 rings, camouflage 1, gelatinous body 1,
(nimble swimmer 1), tentacles
a: Renounce Religion, Channel Magic


You were on level 7 of the Dungeon.
You worshipped Sif Muna.
Sif Muna was aware of your devotion.
You visited 2 branches of the dungeon, and saw 8 of its levels.
You also visited: Sewer.

You collected 400 gold pieces.

Inventory:

Hand Weapons
 l - a +4 dagger of venom (weapon)
Missiles
 m - 6 poisoned darts
 n - 2 darts of dispersal
Armour
 v - a +0 kite shield (worn)
Jewellery
 h - a ring of positive energy (left tentacle)
 p - a ring of flight (right tentacle)
 q - a ring of poison resistance (on tentacle)
Wands
 e - a wand of flame (24) (quivered)
 w - a wand of mindburst (17)
 x - a wand of iceblast (22)
Scrolls
 i - a scroll of blinking
 k - 3 scrolls of fog
 o - 3 scrolls of noise
 s - a scroll of poison {unknown}
 t - 3 scrolls of fear
 u - a scroll of brand weapon {unknown}
 z - a scroll of immolation
Potions
 a - 2 potions of magic
 b - 3 potions of heal wounds
 c - 2 potions of resistance {unknown}
 d - 2 potions of haste {unknown}
 f - a potion of curing
 g - 2 potions of brilliance
 j - 2 potions of lignification
 r - a potion of berserk rage


   Skills:
 + Level 4.0 Fighting
 - Level 2.7 Dodging
 - Level 4.0 Stealth
 + Level 2.6 Shields
 + Level 5.7 Spellcasting
 * Level 9.3 Conjurations


You had 16 spell levels left.
You knew the following spells:

 Your Spells              Type           Power      Damage    Failure   Level
a - Magic Dart            Conj           100%       1d8       1%          1
b - Searing Ray           Conj           100%       2d8       1%          2

Your spell library contained the following spells:

 Spells                   Type           Power      Damage    Failure   Level
 Fulminant Prism          Conj/Alch      15%        3d11      67%         4
 Iskenderun's Mystic Bla  Conj/Tloc      30%        2d8       67%         4
 Tukima's Dance           Hex            7%         N/A       88%         3
 Passage of Golubria      Tloc           7%         N/A       99%         4
 Yara's Violent Unravell  Hex/Alch       3%         3d4       100%        5


Dungeon Overview and Level Annotations

Branches:
Dungeon (7/15)             Temple (1/1) D:4           Sewer (visited)

Altars:
Cheibriados
Elyvilon
Fedhas
Gozag
Hepliaklqana
Kikubaaqudgha
Nemelex Xobeh
Okawaru
Sif Muna
Trog
Uskayaw
Wu Jian
Xom
Yredelemnul
Zin
The Shining One

Shops:
D:2 *


Innate Abilities, Weirdness & Mutations

You cannot wear most types of armour.
You are amphibious.
You can wear up to eight rings at the same time.
Your skin changes colour to match your surroundings (Stealth+).
Your rubbery body absorbs attacks. (AC +1, EV +1)
((You are camouflaged when in or above water. (Stealth+)))
You have tentacles for arms and can constrict up to eight enemies at once.


Message History

You constrict the hound. The hound closely misses you. x2
You completely miss the hound.
The hound is lightly wounded.
You constrict the hound. You block the hound's attack. The hound bites you.
You hit the hound.
The hound is poisoned.
The hound is heavily wounded.
You constrict the hound. The hound bites you. x2
You hit the hound but do no damage. You squeeze the hound.
You kill the hound!
Sif Muna accepts your kill.
You hit the steam dragon.
The steam dragon is poisoned.
The steam dragon is lightly wounded.
The steam dragon breathes steam at you. The ball of steam hits you!
You block the steam dragon's attack. The steam dragon claws you.
You barely miss the steam dragon.
The steam dragon is lightly wounded.
You are engulfed in a cloud of scalding steam.
The steam dragon bites you! You block the steam dragon's attack.
Aiming: Throw Flame
Press: ? - help, Q - select action, (/) - cycle Shift-Dir - straight line, f/p - steam dragon
Aim: a steam dragon (moderately wounded, very poisoned, 68% to hit)
The puff of flame hits the steam dragon.
The steam dragon is heavily wounded.
You are engulfed in a cloud of scalding steam.
* * * LOW HITPOINT WARNING * * *
The steam dragon barely misses you. The steam dragon claws you.
* * * LOW HITPOINT WARNING * * *
You feel much better.
You are engulfed in a cloud of scalding steam.
* * * LOW HITPOINT WARNING * * *
The steam dragon breathes steam at you. The ball of steam hits you!
* * * LOW HITPOINT WARNING * * *
You hit the steam dragon.
The steam dragon looks as sick as possible!
You squeeze the steam dragon.
The steam dragon is heavily wounded.
The steam dragon bites you!
You die...

...##.......#.......#.....
#..#...(..........<.......
#.........#.........##...#
#.....##..#.....#..## #
..................##
.........#.......# ...
#......)#....## ....
#.....#.#.......#
.....#.#####@#........
.........###..D.......#
..........##..........#
.............###.......
..#..........# ....... #
#..........# ....
##.........D. #..
#....#.#...... ..
..c...###.......#


You could see a steam dragon (extremely poisoned, catching breath).

Vanquished Creatures
  The ghost of TacoSundae the Ruffian, a novice VSSh (D:6)
  Sigmund (D:2)
  2 water moccasins
  An orc warrior (D:7)
  A black bear (D:5)
  Pargi (Sewer)
  An ogre (D:5)
  3 bullfrogs
  2 scorpions
  3 wights (D:6)
  2 bombardier beetles
  2 hounds
  A gnoll bouda (D:5)
  2 orc priests
  A sleepcap (D:4)
  2 iguanas
  Robin (D:2)
  8 gnolls (D:5)
  5 adders
  2 white imps
  3 dart slugs
  3 ribbon worms
  13 orcs
  10 ball pythons
  2 endoplasms
  3 giant cockroaches
  7 hobgoblins
  8 jackals
  6 quokkas
  8 bats
  3 frilled lizards (D:3)
  16 goblins
  8 kobolds
  6 rats
138 creatures vanquished.

Notes
Turn   | Place    | Note
-------+----------+-------------------------------------------
     0 | D:1      | runthedishwasher the Octopode Conjurer began the quest for
                  | the Orb.
     0 | D:1      | Reached XP level 1. HP: 11/11 MP: 3/3
   344 | D:1      | Reached XP level 2. HP: 9/17 MP: 0/5
   507 | D:1      | Learned a level 2 spell: Searing Ray
   999 | D:1      | Reached XP level 3. HP: 21/21 MP: 3/6
  1293 | D:2      | Noticed Robin
  1336 | D:2      | Noticed Sigmund
  1643 | D:2      | Found Hythrumoeg's Assorted Antiques.
  1723 | D:2      | Reached XP level 4. HP: 27/27 MP: 3/7
  2015 | D:2      | Killed Robin
  2214 | D:2      | Killed Sigmund
  2215 | D:2      | Reached skill level 6 in Conjurations
  2215 | D:2      | Reached XP level 5. HP: 9/31 MP: 0/10
  2215 | D:2      | Reached XP level 6. HP: 11/36 MP: 0/11
  3723 | D:4      | Found a staircase to the Ecumenical Temple.
  3742 | Temple   | Entered the Ecumenical Temple
  4017 | D:4      | Found a sparkling altar of Nemelex Xobeh.
  4074 | D:4      | Found a shimmering altar of Xom.
  4488 | D:4      | Reached XP level 7. HP: 31/41 MP: 1/13
  4754 | D:4      | Reached skill level 7 in Conjurations
  5366 | Temple   | Became a worshipper of Elyvilon the Healer
  5432 | D:5      | Entered Level 5 of the Dungeon
  5467 | D:5      | Found a shimmering blue altar of Sif Muna.
  5473 | D:5      | Reached skill level 1 in Fighting
  5485 | D:5      | Fell from the grace of Elyvilon
  5485 | D:5      | Became a worshipper of Sif Muna the Loreminder
  5643 | D:5      | Found a glowing drain.
  5656 | Sewer    | Entered a sewer
  5754 | Sewer    | Noticed Pargi
  5761 | Sewer    | Killed Pargi
  6018 | D:5      | Reached XP level 8. HP: 50/50 MP: 6/15
  6236 | D:5      | Reached skill level 8 in Conjurations
  6396 | D:5      | Reached * piety under Sif Muna
  6793 | D:6      | Reached skill level 5 in Spellcasting
  6928 | D:6      | Reached skill level 1 in Shields
  7381 | D:6      | Noticed a +0 dagger
  7382 | D:6      | Noticed a +0 dagger
  7388 | D:6      | Found a hide-covered altar of Uskayaw.
  7397 | D:6      | Found a runed translucent gate.
  7398 | D:6      | Found a runed translucent gate.
  7400 | D:6      | Found a runed translucent gate.
  7400 | D:6      | Noticed TacoSundae's ghost (novice VSSh)
  7413 | D:6      | HP: 1/52 [TacoSundae's ghost (14)]
  7417 | D:6      | Killed TacoSundae's ghost
  7418 | D:6      | Reached skill level 9 in Conjurations
  7418 | D:6      | Reached XP level 9. HP: 16/58 MP: 15/17
  7963 | D:7      | HP: 1/58 [steam dragon/ball of steam (12)]
  7964 | D:7      | Mangled by a steam dragon

Illustrated notes

Levels and vault maps discovered:
D:1:      tarquinn_simple_flora_water_b, layout_basic
D:2:      layout_loops_ring, serial_shops, shop, uniq_robin, uniq_sigmund
D:3:      layout_loops_corners, minmay_misc_feat_hallway,
          minmay_misc_feat_nine_boxes, kennysheep_small_spiral
D:4:      layout_loops_corners, mainiacjoe_overflow_catch_the_wave,
          minmay_temple_entry_proselytizer
D:5:      layout_loops_ring, mainiacjoe_overflow_tiny_flanked,
          cheibrodos_sewer_entry_drain
D:6:      layout_gridville, dancing_weapons_uskayaw, ebering_ghost_rock_garden
D:7:      layout_cave_pools
Temple:   minmay_temple_forest_path

Skill      XL: |  1  2  3  4  5  6  7  8  9 |
---------------+----------------------------+-----
Stealth        | 3 4 |  4.0
Spellcasting   | 3 4 5 |  5.7
Conjurations   | 6 7 9 |  9.3
Fighting       | 2 3 4 |  4.0
Shields        | 2 |  2.6
Dodging        | |  2.7

Action                     |  1- 3 |  4- 6 |  7- 9 || total
---------------------------+-------+-------+-------++-------
  Melee: Unarmed           |    21 |       |       ||    21
         Tentacles         |     6 |    12 |    14 ||    32
         Constrict         |     4 |    11 |     8 ||    23
         Dagger            |       |    29 |    40 ||    69
  Throw: Dart              |       |       |     4 ||     4
   Cast: Magic Dart        |    61 |    82 |    83 ||   226
         Searing Ray       |     4 |    10 |    52 ||    66
 Invoke: Channel Magic     |       |       |     1 ||     1
  Evoke: Wand              |       |       |     9 ||     9
    Use: Scroll            |     6 |     7 |     3 ||    16
         Potion            |       |       |     3 ||     3
   Stab: Sleeping          |       |       |     1 ||     1
 Armour: Skin              |    18 |    15 |    41 ||    74
  Dodge: Dodged            |    22 |    10 |    30 ||    62
  Block: Kite shield       |       |       |     7 ||     7
